 Dungeon Crawl Stone Soup version 0.20.1-1-g8b1a95d (webtiles) character file.

25825 karf the Blocker (level 13, -4/107 HPs)
             Began as a Formicid Fighter on Oct 29, 2017.
             Was a High Priest of Ru.
             Slain by Jazqa's ghost (24 damage)
             ... on level 2 of the Lair of Beasts.
             The game lasted 00:51:03 (15442 turns).

karf the Blocker (Formicid Fighter)                Turns: 15442, Time: 00:51:04

Health: -4/107     AC: 28    Str: 24    XL:     13   Next: 53%
Magic:  7/11       EV:  4    Int: 15    God:    Ru [*****.]
Gold:   942        SH: 13    Dex: 18    Spells: 12/12 levels left

rFire    + . .     SeeInvis +   a - +1 quarterstaff
rCold    + + .     Gourm    .   c - +1 shield
rNeg     . . .     Faith    .   n - +8 gold dragon scales
rPois    +         Spirit   .   (helmet unavailable)
rElec    .         Reflect  .   O - +0 cloak
rCorr    .         Harm     .   e - +0 pair of gloves
MR       ++...                  q - +1 pair of boots of Youthful Indiscretion {rPois Int+6}
Stlth    ..........             t - amulet of regeneration
Regen    0.7/turn               S - ring of Ybipn {*Drain rC+ Str+2 Dex+5}
MPRegen  0.2/turn               g - ring of protection from magic

@: exhausted, horrified, no scrolls, very heavily drained, very slow
A: permanent stasis, dig shafts and tunnels, four strong arms, antennae 3, low
mp 1, inability to read while threatened, no stealth, hated by all, cowardly, no
hexes magic, no ice magic, no translocations magic
a: Dig, Shaft Self, Draw Out Power, Power Leap, Apocalypse, Renounce Religion


You were on level 2 of the Lair of Beasts.
You worshipped Ru.
Ru was extremely pleased with you.
You were not hungry.

You visited 3 branches of the dungeon, and saw 16 of its levels.
You also visited: Labyrinth and Sewer.

You collected 942 gold pieces.

Inventory:

Hand Weapons
 a - a +1 quarterstaff (weapon)
Missiles
 s - 9 tomahawks (quivered)
Armour
 c - a +1 shield (worn)
 e - a +0 pair of gloves (worn)
 n - +8 gold dragon scales (worn)
 q - the +1 pair of boots of Youthful Indiscretion (worn) {rPois Int+6}
   (You found it on level 4 of the Dungeon)

   It affects your intelligence (+6).
   It protects you from poison.
 O - a +0 cloak (worn)
Jewellery
 b - an uncursed ring of resist corrosion {unknown}
 g - a ring of protection from magic (right hand)
 k - an uncursed ring of protection from cold {unknown}
 t - an amulet of regeneration (around neck)
 w - a cursed -4 ring of dexterity {unknown}
 S - the ring of Ybipn (left hand) {*Drain rC+ Str+2 Dex+5}
   (You found it in a labyrinth)

   [ring of protection from cold]

   It affects your strength (+2).
   It affects your dexterity (+5).
   It protects you from cold.
   It causes draining when unequipped.
Wands
 r - a wand of digging (22/24)
 u - a wand of random effects (20/48)
 y - a wand of paralysis (9/24)
 F - a wand of lightning (4/15)
 G - a wand of iceblast (11/15)
 H - a wand of digging (9/24)
 I - a wand of confusion (17/48)
 P - a wand of paralysis (9/24)
Scrolls
 h - 2 scrolls of identify
 l - 5 scrolls of remove curse
 p - 3 scrolls of enchant weapon
 z - 6 scrolls of magic mapping
 A - a scroll of fog
 M - 5 scrolls of recharging
 R - 5 scrolls of amnesia
Potions
 i - 12 potions of curing
 j - 2 potions of mutation
 m - a potion of ambrosia
 x - 2 potions of cancellation
 B - 2 potions of brilliance
 C - a potion of lignification
 D - a potion of magic
 J - a potion of invisibility {unknown}
Books
 d - a book of Alchemy

   Spells                             Type                      Level
   a - Sublimation of Blood           Necromancy                   2
   b - Ignite Poison                  Fire/Transmutation/Poison    3
   c - Petrify                        Transmutation/Earth          4
   d - Alistair's Intoxication        Transmutation/Poison         5
   e - Irradiate                      Conjuration/Transmutation    5
Comestibles
 f - 9 bread rations
 o - 16 royal jellies
 v - 45 fruits
 E - 2 meat rations


   Skills:
 + Level 11.9(6.6) Fighting
 * Level 12.2(6.9) Staves
 + Level 11.9(6.6) Armour
 + Level 12.9(7.5) Shields


You had 12 spell levels left.
You didn't know any spells.

Dungeon Overview and Level Annotations

Branches:
Dungeon (13/15)            Temple (1/1) D:4            Lair (2/6) D:11
 Shoals (0/4) Lair:2          Orc (0/2) D:11         Vaults (0/5) D:13
  Snake: Lair:2-4    Spider: Lair:2-4

Altars:
Ashenzari
Cheibriados
Dithmenos
Elyvilon
Fedhas
Gozag
Hepliaklqana
Kikubaaqudgha
Makhleb
Nemelex Xobeh
Okawaru
Qazlal
Ru
Sif Muna
Trog
Uskayaw
Vehumet
Xom
Yredelemnul
Zin
The Shining One

Shops:
D:12 =

Annotations:
Lair:2 Jazqa's ghost, journeyman HOMo


Innate Abilities, Weirdness & Mutations

You cannot be hasted, slowed, berserked, paralysed or teleported.
You can dig through walls and to a lower floor.
Your four strong arms can wield two-handed weapons with a shield.
You have a pair of large antennae on your head. (SInv)
Your magical capacity is low. (-10% MP)
You cannot read scrolls while threatened.
You cannot be stealthy.
You are hated by all.
Your cowardice makes you less effective in combat with threatening monsters.
You cannot study or cast Hexes magic.
You cannot study or cast Ice magic.
You cannot study or cast Translocations magic.


Message History

* * * LOW HITPOINT WARNING * * *
Jazqa's ghost lets out a mournful wail.
You block Jazqa's ghost's attack. Jazqa's ghost hits you!
* * * LOW HITPOINT WARNING * * *
You feel drained.
There is an open door here.
Okay, then.
Aiming: Power Leap
Press: ? - help, Dir - move target cursor Splash!
You fall into the shallow water.
Moving in this stuff is going to be slow.
There is an open door here.
You enter the shallow water.
Moving in this stuff is going to be slow.
Jazqa's ghost hits you but does no damage.
You feel drained. Jazqa's ghost hits you!!
You die...

##.#≈≈≈#≈≈≈#≈≈≈#
###..#≈≈≈#####≈≈≈#
#.#..####'≈≈≈#####
#......#≈≈≈>≈≈≈#
##...#####≈≈≈'####
#....#≈≈≈#####≈≈≈#
#....#≈≈≈#≈≈≈#≈≈≈#
##...#≈≈≈#≈≈≈#≈≈≈#
##...'###@W≈≈≈####
#.......#######
#......## ##...###
#...# #...## #....#
..#
##....########..###
#P...P.#....P.......


You could see Jazqa's ghost.

Vanquished Creatures
  An ettin (D:13)
  A minotaur (Lab)
  Josephine (D:10)
  Erolcha (D:12)
  Erica (D:8)
  A two-headed ogre (D:13)
  2 centaur warriors (D:13)
  A tengu warrior (D:13)
  A shadow wraith (D:13)
  3 unseen horrors
  2 ugly things
  2 oklob plants (D:8)
  A manticore (D:11)
  2 cyclopes (D:13)
  Maurice (D:9)
  A centaur skeleton (D:13)
  A komodo dragon (D:13)
  3 minotaur zombies (Lab)
  5 trolls
  5 slime creatures
  4 blink frogs (Lair:2)
  6 hippogriffs
  2 shadows
  4 wraiths (D:10)
  3 basilisks
  A wyvern (D:10)
  4 yaks (Lair:1)
  2 hungry ghosts
  3 orc warriors
  An ice beast (D:5)
  A black bear (shapeshifter) (D:13)
  2 eyes of draining
  5 ogres
  A black bear (D:6)
  A phantom (D:7)
  A necrophage (D:8)
  5 wolves
  16 centaurs
  5 crocodiles (Lair:1)
  5 big kobolds
  6 bullfrogs
  A wyvern zombie (D:13)
  A water moccasin zombie (D:7)
  6 scorpions
  7 killer bees
  3 wights (D:11)
  9 howler monkeys
  2 electric eels
  3 crimson imps (D:10)
  A quasit (D:9)
  6 jellies
  6 hounds
  7 centaur zombies
  3 orc priests
  3 bullfrog skeletons
  2 iguanas
  16 orc wizards
  12 worker ants
  3 hound zombies
  3 hound skeletons
  A howler monkey zombie (D:10)
  2 worker ant zombies
  3 gnolls (D:2)
  A howler monkey skeleton (D:7)
  11 adders
  A river rat (D:6)
  9 oozes
  An adder zombie (D:3)
  2 adder skeletons
  4 worms
  2 dart slugs
  6 leopard geckos
  38 orcs
  A ball python (Sewer)
  12 bats
  6 giant cockroaches
  6 goblins
  5 hobgoblins
  3 jackals
  6 quokkas
  A ball python zombie (D:3)
  6 frilled lizards
  A jackal skeleton (D:3)
  33 kobolds
  3 leopard gecko skeletons
  2 quokka skeletons
  A quokka zombie (D:7)
  10 rats
385 creatures vanquished.

Vanquished Creatures (others)
  A troll (D:13)
  A yak (Lair:1)
  A porcupine (Lair:1)
  2 orc priests
  A bullfrog skeleton (D:9)
  A kobold (Sewer)
  A plant (Lair:1)
8 creatures vanquished.

Grand Total: 393 creatures vanquished

Notes
Turn   | Place    | Note
-------+----------+-------------------------------------------
     0 | D:1      | karf the Formicid Fighter began the quest for the Orb.
     0 | D:1      | Reached XP level 1. HP: 18/18 MP: 1/1
   224 | D:1      | Reached XP level 2. HP: 19/24 MP: 2/2
   508 | D:1      | Reached XP level 3. HP: 22/29 MP: 3/3
   764 | D:2      | Reached XP level 4. HP: 32/37 MP: 4/4
   898 | D:2      | Found a white marble altar of Elyvilon.
  1524 | D:3      | Reached XP level 5. HP: 42/42 MP: 5/5
  1774 | D:3      | Reached skill level 5 in Shields
  1800 | D:3      | Reached XP level 6. HP: 23/49 MP: 6/6
  2156 | D:4      | Found a staircase to the Ecumenical Temple.
  2161 | Temple   | Entered the Ecumenical Temple
  2342 | Temple   | Became a worshipper of Ru the Awakened
  2674 | D:4      | Noticed an ogre
  2681 | D:4      | Killed an ogre
  2681 | D:4      | Reached skill level 5 in Fighting
  2904 | D:4      | Reached XP level 7. HP: 53/56 MP: 7/7
  3002 | D:4      | Got a pair of ichor-stained boots
  3013 | D:4      | Identified the +1 pair of boots of Youthful Indiscretion {rPois Int+6} (You found it on level 4 of the Dungeon)
  3245 | D:5      | Entered Level 5 of the Dungeon
  3268 | D:5      | Reached skill level 5 in Armour
  3292 | D:5      | Got a smelly leather armour
  3303 | D:5      | Identified the +7 leather armour of the Six Allies {MP-9 Str+4 Dex+2 Stlth+} (You found it on level 5 of the Dungeon)
  3372 | D:5      | Found a runed door.
  3375 | D:5      | Found a runed door.
  3416 | D:5      | Reached XP level 8. HP: 54/64 MP: 0/8
  3852 | D:5      | Gained mutation: Your cowardice makes you less effective in combat with threatening monsters. [Ru sacrifice]
  3852 | D:5      | Reached * piety under Ru
  4000 | D:6      | Reached skill level 5 in Staves
  4234 | D:6      | Found a stormy altar of Qazlal.
  4447 | D:6      | Reached XP level 9. HP: 65/71 MP: 0/9
  4529 | D:6      | Found a glowing drain.
  4537 | Sewer    | Entered a sewer
  5360 | D:7      | Gained mutation: Your magical capacity is low. (-10% MP) [Ru sacrifice]
  6214 | D:8      | Found a deep blue altar of Sif Muna.
  6238 | D:8      | Identified Sif Muna's Papyrus of Calling
  6685 | D:8      | Noticed Erica
  6698 | D:8      | Killed Erica
  6698 | D:8      | Reached XP level 10. HP: 70/82 MP: 0/9
  6705 | D:8      | Found a blossoming altar of Fedhas.
  6707 | D:8      | Noticed an oklob plant
  6707 | D:8      | Noticed an oklob plant
  6713 | D:8      | Killed an oklob plant
  6714 | D:8      | HP: 1/82 [acid (18)]
  6726 | D:8      | Killed an oklob plant
  7364 | D:9      | Gained mutation: You cannot read scrolls while threatened. [Ru sacrifice]
  7364 | D:9      | Reached ** piety under Ru
  7364 | D:9      | Reached *** piety under Ru
  7681 | D:9      | Noticed Maurice
  7700 | D:9      | Killed Maurice
  7735 | D:9      | Reached skill level 10 in Shields
  8020 | D:9      | Reached XP level 11. HP: 81/89 MP: 0/9
  8199 | D:10     | Entered Level 10 of the Dungeon
  8298 | D:10     | Noticed Josephine
  8346 | D:10     | Killed Josephine
  8578 | D:10     | Reached skill level 10 in Fighting
  9269 | D:11     | Noticed an unseen horror
  9294 | D:11     | Killed an unseen horror
  9294 | D:11     | Reached skill level 10 in Armour
  9304 | D:11     | Found a labyrinth entrance.
  9312 | Lab      | Entered a labyrinth
  9588 | Lab      | Found an exit through the horrors of the Abyss.
  9615 | Lab      | Noticed a minotaur
  9645 | Lab      | Killed a minotaur
  9646 | Lab      | Identified the Tome of Earthen Flight
  9647 | Lab      | Got a fine lead ring
  9650 | Lab      | Got a faintly glowing leather armour
  9664 | Lab      | Identified the cursed +0 leather armour of the Mind {rF+} (You found it in a labyrinth)
  9665 | Lab      | Identified the ring of Ybipn {*Drain rC+ Str+2 Dex+5} (You found it in a labyrinth)
 10074 | D:11     | Noticed a red ugly thing
 10096 | D:11     | Killed a red ugly thing
 10245 | D:11     | Reached XP level 12. HP: 78/98 MP: 1/10
 10368 | D:11     | Gained mutation: You are hated by all. [Ru sacrifice]
 10368 | D:11     | Reached **** piety under Ru
 10492 | D:11     | Found a staircase to the Lair.
 10504 | D:11     | Found a staircase to the Orcish Mines.
 10565 | D:11     | Noticed an unseen horror
 10593 | D:11     | Killed an unseen horror
 10593 | D:11     | Reached skill level 10 in Staves
 11744 | D:12     | Noticed Erolcha
 11745 | D:12     | Found Catres Potei's Jewellery Shoppe.
 11756 | D:12     | Killed Erolcha
 12006 | D:12     | Gained mutation: You cannot study or cast Ice magic. [Ru sacrifice]
 12006 | D:12     | Gained mutation: You cannot study or cast Hexes magic. [Ru sacrifice]
 12006 | D:12     | Gained mutation: You cannot study or cast Translocations magic. [Ru sacrifice]
 12006 | D:12     | Reached ***** piety under Ru
 12268 | D:13     | Noticed an unseen horror
 12289 | D:13     | Killed an unseen horror
 12321 | D:13     | Noticed a centaur warrior
 12379 | D:13     | Killed a centaur warrior
 12443 | D:13     | Noticed a tengu warrior
 12504 | D:13     | Killed a tengu warrior
 12504 | D:13     | Reached XP level 13. HP: 72/106 MP: 2/11
 13193 | D:13     | Noticed a centaur warrior
 13210 | D:13     | Killed a centaur warrior
 13371 | D:13     | Noticed an ettin
 13400 | D:13     | Killed an ettin
 13652 | D:13     | Found a gate to the Vaults.
 14207 | Lair:1   | Entered Level 1 of the Lair of Beasts
 14351 | Lair:1   | Gained mutation: You cannot be stealthy. [Ru sacrifice]
 15384 | Lair:2   | Found a staircase to the Shoals.
 15399 | Lair:2   | Noticed Jazqa's ghost (journeyman HOMo)
 15442 | Lair:2   | Slain by Jazqa's ghost

Skill      XL: |  1  2  3  4  5  6  7  8  9 10 11 12 13 |
---------------+----------------------------------------+-----
Shields        | 4 5 6 7 9 10 11 12 | 12.9
Fighting       | 4 5 6 8 9 10 11 | 11.9
Armour         | 4 5 6 8 9 10 11 | 11.9
Staves         | 3 4 5 7 8 9 11 12 | 12.2

Action                   |  1- 3 |  4- 6 |  7- 9 | 10-12 | 13-15 || total
-------------------------+-------+-------+-------+-------+-------++-------
Melee: Quarterstaff      |    79 |   179 |   453 |   849 |   366 ||  1926
       Staff             |       |    47 |       |       |       ||    47
Invok: Sacrifice Courage |       |       |     1 |       |       ||     1
       Sacrifice Essence |       |       |     1 |       |       ||     1
       Sacrifice Words   |       |       |       |     1 |       ||     1
       Sacrifice Love    |       |       |       |     1 |       ||     1
       Sacrifice Arcana  |       |       |       |     1 |       ||     1
       Power Leap        |       |       |       |       |     1 ||     1
       Apocalypse        |       |       |       |       |     1 ||     1
       Sacrifice Stealth |       |       |       |       |     1 ||     1
  Use: Scroll            |       |     9 |     7 |    11 |     8 ||    35
       Potion            |       |     1 |     2 |     8 |       ||    11
 Stab: Sleeping          |       |       |     7 |    11 |       ||    18
       Distracted        |       |       |     2 |     5 |     5 ||    12
       Invisible         |       |       |       |     2 |     4 ||     6
       Paralysed         |       |       |       |       |    12 ||    12
       Petrifying        |       |       |       |       |     2 ||     2
       Petrified         |       |       |       |       |     1 ||     1
  Eat: Chunk             |       |     7 |    13 |    15 |    10 ||    45
       Meat ration       |       |       |       |     1 |       ||     1
Armor: Scale mail        |    27 |   120 |    10 |       |       ||   157
       Leather armour    |       |       |   114 |   231 |     8 ||   353
       Gold dragon scale |       |       |       |       |   101 ||   101
Dodge: Dodged            |    25 |   101 |   171 |   259 |    34 ||   590
Block: Shield            |    56 |   162 |   284 |   582 |   181 ||  1265
